 Dungeon Crawl Stone Soup version 0.21-a0-210-gbfa5647 (webtiles) character file.

379 suicidejoker the Insei (level 6, -5/48 HPs)
             Began as a Demonspawn Monk on Aug 21, 2017.
             Slain by an ogre
             ... wielding a +0 giant spiked club
              (26 damage)
             ... on level 4 of the Dungeon.
             The game lasted 00:06:50 (3316 turns).

suicidejoker the Insei (Demonspawn Monk)            Turns: 3316, Time: 00:06:51

Health: -5/48      AC:  4    Str: 13    XL:     6   Next: 45%
Magic:  6/6        EV: 14    Int: 11    God:
Gold:   85         SH:  0    Dex: 16    Spells: 5/5 levels left

rFire    x . .     SeeInvis +     - Unarmed
rCold    + + .     Gourm    .   (no shield)
rNeg     . . .     Faith    .   a - +0 robe
rPois    .         Spirit   .   (no helmet)
rElec    .         Reflect  .   (no cloak)
rCorr    .         Harm     .   (no gloves)
MR       .....                  (no boots)
Stlth    ++........             (no amulet)
HPRegen  0.16/turn              r - ring of see invisible
MPRegen  0.10/turn              j - ring of ice

@: berserk cooldown, slowed, very slow
A: icy blue scales 1, cold resistance 1, demonic guardian 1, freezing cloud
immunity
a: no special abilities


You were on level 4 of the Dungeon.
You were not hungry.

You visited 2 branches of the dungeon, and saw 5 of its levels.

You collected 85 gold pieces.

Inventory:

Hand Weapons
 d - a +3 hand axe of venom
 l - a +0 dagger of flaming
Armour
 a - a +0 robe (worn)
Jewellery
 h - an uncursed ring of wizardry
 j - a ring of ice (right hand)
 r - a ring of see invisible (left hand)
Wands
 s - a wand of random effects (16/48)
Scrolls
 i - a scroll of blinking
 k - 4 scrolls of teleportation {unknown}
 n - 3 scrolls of identify {unknown}
 o - 2 scrolls of magic mapping {unknown}
 w - a scroll of random uselessness {unknown}
 x - a scroll of enchant weapon {unknown}
 y - a scroll of fog {unknown}
 z - a scroll of immolation {unknown}
Potions
 c - 4 potions of curing
 e - 3 potions of flight {unknown}
 f - a potion of agility {unknown}
 p - a potion of degeneration {unknown}
 q - a potion of haste {unknown}
 t - a potion of resistance {unknown}
 u - a potion of cancellation {unknown}
 v - a potion of heal wounds {unknown}
Comestibles
 b - 4 bread rations


   Skills:
 * Level 4.2 Fighting
 * Level 3.7 Dodging
 - Level 1.7 Stealth
 * Level 5.4 Unarmed Combat


You had 5 spell levels left.
You didn't know any spells.

Dungeon Overview and Level Annotations

Branches:
Dungeon (4/15)             Temple (1/1) D:4

Altars:
Ashenzari
Fedhas
Gozag
Hepliaklqana
Kikubaaqudgha
Makhleb
Nemelex Xobeh
Okawaru
Qazlal
Ru
Trog
Xom
Yredelemnul
Zin

Shops:
D:4 ?


Innate Abilities, Weirdness & Mutations

You are partially covered in icy blue scales. (AC +2)
Your flesh is cold resistant. (rC+)
A weak demonic guardian rushes to your aid.
You are immune to freezing clouds.


Message History

Your ufetubus closely misses Edmund.
Your ufetubus hits Edmund but does no damage.
The ogre misses your ufetubus.
You closely miss Edmund.
Edmund is almost dead.
Edmund barely misses you.
Your ufetubus hits Edmund.
Edmund dies!
You swap places.
You are no longer berserk.
You are exhausted.
You feel yourself slow down.
The ogre hits you with a giant spiked club!
You punch the ogre!
The ogre is moderately wounded.
The ogre hits you with a giant spiked club!
You barely miss the ogre.
The ogre is moderately wounded.
The ogre hits you with a giant spiked club!!
Ouch! That really hurt!
You die...

######### #......(#
#.......# #.......# #
#.......#####.#.##
#.......'.5)......
###+#.∩.....##@##...#.
#....#####....O.....#
#....# #######.#....#
##....###.. ...>....#
#......##.# #......#
#..÷...##.# .#...#.#
##......##.#.####...#.#
.#......##.#........#.#####
.#..(...##.# #.#.......#


You could see an ogre and a friendly ufetubus.

Vanquished Creatures
  Jessica (D:2)
  Ijyb (D:3)
  Terence (D:3)
  Natasha (D:3)
  An orc wizard (D:3)
  6 adders
  2 oozes
  2 worms (D:2)
  A dart slug (D:1)
  4 leopard geckos
  7 orcs (D:3)
  5 bats
  4 giant cockroaches
  10 goblins
  11 hobgoblins
  3 jackals (D:2)
  5 kobolds
  A quokka (D:3)
  4 frilled lizards
  7 rats
77 creatures vanquished.

Vanquished Creatures (collateral kills)
  Edmund (D:4)
  2 orcs (D:3)
  A rat (D:3)
4 creatures vanquished.

Grand Total: 81 creatures vanquished

Notes
Turn   | Place    | Note
-------+----------+-------------------------------------------
     0 | D:1      | suicidejoker the Demonspawn Monk began the quest for the Orb.
     0 | D:1      | Reached XP level 1. HP: 18/18 MP: 1/1
   105 | D:1      | Gained mutation: You are partially covered in icy blue scales. (AC +2) [demonic ancestry]
   105 | D:1      | Reached XP level 2. HP: 15/24 MP: 2/2
   135 | D:1      | Reached skill level 3 in Unarmed Combat
   817 | D:2      | Found a shattered altar of Ashenzari.
   817 | D:2      | Noticed Jessica
   822 | D:2      | Killed Jessica
   822 | D:2      | Gained mutation: A weak demonic guardian rushes to your aid. [demonic ancestry]
   822 | D:2      | Reached XP level 3. HP: 20/29 MP: 3/3
  1174 | D:2      | Gained mutation: Your flesh is cold resistant. (rC+) [demonic ancestry]
  1174 | D:2      | Reached XP level 4. HP: 28/36 MP: 4/4
  1352 | D:2      | Found a faded altar of an unknown god.
  1665 | D:2      | Reached skill level 4 in Unarmed Combat
  1677 | D:2      | Found a sparkling altar of Nemelex Xobeh.
  1779 | D:3      | Noticed Terence
  1787 | D:3      | Killed Terence
  1813 | D:3      | HP: 1/37 [poisoned by Terence]
  2139 | D:3      | Gained mutation: You are immune to freezing clouds. [demonic ancestry]
  2139 | D:3      | Reached XP level 5. HP: 33/42 MP: 5/5
  2623 | D:3      | Noticed Natasha
  2632 | D:3      | Killed Natasha
  2694 | D:3      | Noticed Ijyb
  2711 | D:3      | Reached skill level 5 in Unarmed Combat
  2721 | D:3      | Killed Ijyb
  2721 | D:3      | Reached XP level 6. HP: 34/48 MP: 6/6
  2969 | D:4      | Found a staircase to the Ecumenical Temple.
  3111 | Temple   | Entered the Ecumenical Temple
  3283 | D:4      | Found Aqeopref's Magic Scroll Emporium.
  3292 | D:4      | Noticed Edmund
  3313 | D:4      | Killed Edmund
  3316 | D:4      | Slain by an ogre

Vault maps used:
D:1:      scummos_arrival_gate
D:2:      nicolae_overflow_hidden_temple, ashenzari_altar_1,
          lemuel_crystal_altar, chequers_ecumenical_altar_simple_redux,
          first_bread, uniq_jessica
D:3:      hex_large, uniq_ijyb, uniq_terence, uniq_natasha
D:4:      minmay_temple_entry_poolview, serial_shops, shop,
          kennysheep_generic_room_5, uniq_eustachio, uniq_edmund
Temple:   hc_temple_tempest_star

Skill      XL: |  1  2  3  4  5 |
---------------+----------------+-----
Unarmed Combat | 3 4 5 |  5.4
Dodging        | 3 |  3.7
Fighting       | 4 |  4.2
Stealth        | |  1.7

Action                   |  1- 3 |  4- 6 || total
-------------------------+-------+-------++-------
Melee: Unarmed           |    91 |   254 ||   345
       Punch             |       |     3 ||     3
  Use: Scroll            |     1 |     2 ||     3
       Potion            |       |     3 ||     3
 Stab: Sleeping          |       |     1 ||     1
  Eat: Chunk             |       |     6 ||     6
       Royal jelly       |       |     1 ||     1
Armor: Robe              |    19 |    31 ||    50
Dodge: Dodged            |    66 |   154 ||   220

Table legend:
 A = Spawn XP
 B = Non-spawn XP
 C = Spawn XP percentage of total XP
 D = Spawn monster count
 E = Non-spawn monster count
 F = Spawn count percentage of total count
 G = Total turns spent on level
                    A         B        C        D         E        F      G
               +---------+---------+-------+---------+---------+-------+---------
         Total |      38 |     504 |   7.0 |      13 |      68 |  16.0 |  3316
               +---------+---------+-------+---------+---------+-------+---------
           D:1 |      11 |      29 |  27.5 |       4 |      15 |  21.1 |   817
           D:2 |      12 |     101 |  10.6 |       7 |      19 |  26.9 |   962
           D:3 |      15 |     217 |   6.5 |       2 |      31 |   6.1 |  1075
           D:4 |       0 |     157 |   0.0 |       0 |       3 |   0.0 |   315
               +---------+---------+-------+---------+---------+-------+---------
